 Dungeon Crawl Stone Soup version 0.31-a0-233-g139696dc86 (webtiles) character file.

Game seed: 14600904846607027519

18 porpoise the Shooter (level 2, 0/18 HPs)
             Began as a Kobold Hunter on July 9, 2023.
             Slain by Terence
             ... wielding a +0 short sword
              (5 damage)
             ... on level 2 of the Dungeon.
             The game lasted 00:02:02 (794 turns).

porpoise the Shooter (Kobold Hunter)                 Turns: 794, Time: 00:02:03

Health: 0/18       AC:  5    Str:  8    XL:     2   Next: 85%
Magic:  2/2        EV: 14    Int: 10    God:
Gold:   8          SH:  0    Dex: 18    Spells: 1/1 levels left

rFire   . . .        a - +0 shortbow
rCold   . . .        (shield currently unavailable)
rNeg    . . .        c - +0 leather armour
rPois   .            (no helmet)
rElec   .            d - +1 cloak
rCorr   .            (no gloves)
SInv    .            (no boots)
Will    .....        (no amulet)
Stlth   +++          (no ring)
HPRegen 0.23/turn    (no ring)
MPRegen 0.08/turn

%: no passive effects
@: no status effects
A: small, no large weapons, nightstalker 3
a: no special abilities


You were on level 2 of the Dungeon.
You visited 1 branch of the dungeon, and saw 2 of its levels.

You collected 8 gold pieces.

Inventory:

Hand Weapons
 a - a +0 shortbow (weapon)
 j - a +0 long sword of holy wrath
Armour
 c - a +0 leather armour (worn)
 d - a +1 cloak (worn)
 i - a scarf of repulsion
Scrolls
 b - a scroll of butterflies
 g - a scroll of poison {unknown}
 l - a scroll of identify {unknown}
Potions
 e - a potion of ambrosia {unknown}
 f - 2 potions of attraction {unknown}
 h - a potion of heal wounds {unknown}
 k - a potion of curing {unknown}
 m - a potion of brilliance {unknown}


   Skills:
 + Level 2.5 Fighting
 * Level 5.8 Ranged Weapons
 - Level 2.4 Dodging
 + Level 2.1 Stealth


You had one spell level left.
You didn't know any spells.
Your spell library contained the following spells:

 Spells                   Type           Power      Damage    Failure   Level
 Magic Dart               Conj           0%         1d3       50%         1
 Searing Ray              Conj           0%         2d4       63%         2
 Fulminant Prism          Conj/Hex       0%         3d5       99%         4


Dungeon Overview and Level Annotations

Branches:
Dungeon (2/15)

Altars:

Shops:
D:1 :

Annotations:
D:2 Terence


Innate Abilities, Weirdness & Mutations

You are small and have problems with some larger weapons.
You are completely attuned to the shadows.


Message History

You shoot an arrow. The arrow barely misses the bat.
The bat closely misses you.
You shoot an arrow. The arrow hits the bat!
You kill the bat!
No target in view!
You see here a bat corpse.
Things that are here:
a +0 dagger; 5 stones; a kobold corpse A giant cockroach comes into view.
You shoot an arrow. The arrow hits the giant cockroach!
You kill the giant cockroach!
No target in view!
m - a fizzy dark potion Terence the Incautious comes into view.
He is wielding a +0 short sword.
You shoot an arrow.
The arrow hits Terence but does no damage.
Terence shouts!
A quokka comes into view.
You shoot an arrow. The arrow closely misses Terence.
A rat comes into view.
You shoot an arrow. The arrow closely misses Terence.
Terence misses you.
You shoot an arrow. The arrow hits Terence.
Terence is lightly wounded.
You hear a shout!
Terence hits you with a +0 short sword.
A hobgoblin comes into view.
The quokka misses you.
You shoot an arrow.
The arrow hits Terence but does no damage.
Terence is lightly wounded.
The quokka closely misses you. Terence hits you with a +0 short sword.
You are too injured to fight recklessly!
Terence attacks as you move away! Terence hits you but does no damage.
The rat attacks as you move away! The rat closely misses you.
The quokka attacks as you move away! The quokka bites you.
Terence attacks as you move away! Terence hits you with a +0 short sword.
* * * LOW HITPOINT WARNING * * *
The quokka bites you but does no damage.
Terence attacks as you move away! Terence hits you with a +0 short sword.
You die...

#...... ##.##########
#......†.).#
##########.# ######.#
#....... #.......
################.......
...g.r@................
....r@..########.......
........# #.......
........# #.......
........# ########
..####### #.


You could see Terence, a quokka, a hobgoblin and a rat.

Vanquished Creatures
  A ball python (D:1)
  An endoplasm (D:1)
  2 giant cockroaches
  2 goblins (D:1)
  A hobgoblin (D:1)
  A kobold (D:2)
  2 quokkas (D:1)
  2 bats
  3 frilled lizards (D:1)
15 creatures vanquished.

Notes
Turn   | Place    | Note
-------+----------+-------------------------------------------
     0 | D:1      | porpoise the Kobold Hunter began the quest for the Orb.
     0 | D:1      | Reached XP level 1. HP: 12/12 MP: 1/1
   142 | D:1      | Reached XP level 2. HP: 18/18 MP: 2/2
   210 | D:1      | Found Iphutood's Book Shoppe.
   786 | D:2      | Noticed Terence
   794 | D:2      | Slain by Terence

Illustrated notes

Levels and vault maps discovered:
D:1:      minmay_arrival_cross, layout_loops_ring, serial_shops, shop
D:2:      layout_basic, uniq_terence

Skill      XL: |  1  2 |
---------------+-------+-----
Stealth        | 2 |  2.1
Fighting       | |  2.5
Ranged Weapons | |  5.8
Dodging        | |  2.4

Action                     || total
---------------------------++-------
   Fire: Shortbow          ||    40
 Armour: Leather armour    ||     5
  Dodge: Dodged            ||    13

Table legend: (Time is in decaauts)
 A = Elapsed time spent in this place.
 B = Non-inter-level travel time spent in this place.
 C = Inter-level travel time spent in this place.
 D = Time resting spent in this place.
 E = Time spent auto-exploring this place.
 F = Levels seen in this place.
 G = Mean time per level.
                   A        B        C        D        E       F      G
               +--------+--------+--------+--------+--------+-----+--------+
         Total |    801 |    777 |     24 |      0 |    659 |   2 |  400.5 |
       Dungeon |    801 |    777 |     24 |      0 |    659 |   2 |  400.5 |
               +--------+--------+--------+--------+--------+-----+--------+

Top non-repeatable levels by time:
     D:1: 737 daAuts
     D:2: 64 daAuts
